AoeStats
← baresflorian1990

MegaRandom

510621812Analyzed
4v4 RM · 17h ago on Oct 1, 2026· 42m 26s· 8 players
Game mode
Random Map
Map size
Large (8 player)
Population
200
Speed
Normal
Resources
Standard
Victory
Conquest
Starting age
Dark Age
Ending age
Imperial Age
RankedLock teamsTeams togetherTeam positionsShared explorationLock speedFull tech treeHidden civsTurbo modeCheats
Victory
Defeat
🇩🇪 Magyars · Germany
1302
+14
🇩🇪 Spanish · Germany
1222
+18
🇩🇪 Mongols · Germany
1173
+20
🇩🇪 Persians · Germany
1068
+23
🇬🇧 Georgians · United Kingdom
1341
-22
🇩🇪 Wu · Germany
1291
-20
🇨🇦 Mongols · Canada
1202
-17
🇩🇪 Vietnamese · Germany
1182
-16
Mescal
6:18 Loom
9:26 Feudal Age
10:15 Double-Bit Axe
11:54 Horse Collar
16:15 Scale Barding Armor
20:17 Bloodlines
26:29 Wheelbarrow
28:37 Castle Age
30:31 Chain Barding Armor
30:10 Light Cavalry
30:50 Husbandry
41:43 Gold Mining
41:43 Stone Mining
42:36 Town Watch
43:07 Hand Cart
baresflorian1990
5:00 Loom
11:53 Feudal Age
16:36 Castle Age
29:49 Ballistics
33:05 Double-Bit Axe
35:51 Wheelbarrow
38:59 Horse Collar
44:13 Imperial Age
41:58 Hand Cart
strongfire2002
7:47 Loom
9:34 Feudal Age
7:50 Loom
19:54 Castle Age
18:19 Stone Mining
18:30 Double-Bit Axe
18:52 Horse Collar
23:27 Bow Saw
23:40 Fletching
23:50 Padded Archer Armor
24:23 Heavy Plow
28:37 Wheelbarrow
31:31 Gold Mining
33:40 Bodkin Arrow
37:19 Ballistics
37:09 Husbandry
37:43 Town Watch
38:57 Gold Shaft Mining
38:52 Leather Archer Armor
38:51 Bloodlines
DaMajor
7:03 Loom
9:33 Feudal Age
11:51 Scale Barding Armor
11:32 Horse Collar
11:43 Double-Bit Axe
17:08 Wheelbarrow
17:10 Bloodlines
24:03 Castle Age
23:30 Forging
23:32 Gold Mining
24:56 Chain Barding Armor
27:15 Husbandry
29:02 Town Watch
34:36 Iron Casting
Welsh91Wizard
7:26 Loom
10:07 Feudal Age
12:22 Horse Collar
18:40 Castle Age
19:32 Double-Bit Axe
21:21 Fletching
21:32 Padded Archer Armor
23:27 Bodkin Arrow
23:48 Leather Archer Armor
26:22 Wheelbarrow
30:52 Scale Mail Armor
31:56 Pikeman
35:47 Scale Barding Armor
35:53 Forging
38:11 Bloodlines
38:28 Light Cavalry
NEXT_LEVER
8:55 Feudal Age
9:33 Double-Bit Axe
9:54 Horse Collar
16:30 Forging
23:48 Castle Age
22:51 Bloodlines
24:00 Light Cavalry
24:49 Scale Barding Armor
24:54 Light Cavalry
26:08 Scale Barding Armor
28:38 Husbandry
32:14 Iron Casting
32:44 Loom
39:27 Chain Barding Armor
Mr. Roboto
5:06 Loom
10:22 Feudal Age
17:01 Fletching
20:21 Wheelbarrow
20:44 Padded Archer Armor
27:06 Castle Age
27:11 Double-Bit Axe
27:10 Horse Collar
27:11 Crossbowman
27:47 Bodkin Arrow
28:16 Bow Saw
31:02 Thumb Ring
Strikes n Gutters
7:27 Loom
9:52 Feudal Age
13:52 Fletching
15:42 Padded Archer Armor
16:51 Horse Collar
27:32 Castle Age
27:47 Crossbowman
28:32 Double-Bit Axe
29:10 Bodkin Arrow
29:43 Bow Saw
29:36 Heavy Plow
31:06 Ballistics
32:57 Gold Mining
36:43 Scale Mail Armor
36:54 Forging
36:17 Pikeman
37:52 Wheelbarrow
38:47 Squires
Connection lost

Rejoining the realm…

Still unreachable

The connection could not be restored.

Session expired

The server has moved on; the page needs a fresh start.